 Dungeon Crawl Stone Soup version 0.25-a0-597-gb30770a0c0 (webtiles) character file.

Game seed: 15613060018728350778, levelgen mode: deterministic

58 An17 the Charlatan (level 3, -1/26 HPs)
             Began as a Demonspawn Artificer on Mar 15, 2020.
             Slain by a worm (3 damage)
             ... on level 3 of the Dungeon.
             The game lasted 00:04:45 (1596 turns).

An17 the Charlatan (Demonspawn Artificer)           Turns: 1596, Time: 00:04:45

Health: -1/26      AC:  5    Str: 13    XL:     3   Next: 75%
Magic:  5/5        EV: 12    Int: 12    God:
Gold:   143        SH:  0    Dex: 13    Spells: 2/2 levels left

rFire    . . .     SeeInvis .   n - -3 dagger (curse)
rCold    . . .     Gourm    .   (no shield)
rNeg     . . .     Faith    .   b - +0 leather armour
rPois    .         Spirit   .   (no helmet)
rElec    .         Reflect  .   g - +1 cloak
rCorr    .         Harm     .   (no gloves)
MR       .....                  (no boots)
Stlth    +.........             (no amulet)
HPRegen  0.08/turn              (no ring)
MPRegen  0.09/turn              (no ring)

@: no status effects
A: spiny 1
a: no special abilities


You were on level 3 of the Dungeon.
You were not hungry.

You visited 1 branch of the dungeon, and saw 3 of its levels.

You collected 143 gold pieces.

Inventory:

Hand Weapons
 a - a +0 short sword
 n - a cursed -3 dagger (weapon)
Missiles
 p - 3 boomerangs (quivered)
Armour
 b - a +0 leather armour (worn)
 g - a +1 cloak (worn)
Wands
 c - a wand of flame (14)
 d - a wand of enslavement (15)
 e - a wand of random effects (14)
Scrolls
 i - 3 scrolls of fog
Potions
 h - 2 potions of heal wounds
 j - a potion of lignification {unknown}
 l - 3 potions of brilliance {unknown}
 m - a potion of mutation {unknown}
 o - a potion of curing {unknown}
Comestibles
 f - 4 rations


   Skills:
 + Level 1.5 Fighting
 + Level 1.7 Short Blades
 + Level 0.4 Armour
 + Level 2.1 Dodging
 - Level 0.9 Stealth
 + Level 3.8 Evocations


You had 2 spell levels left.
You didn't know any spells.
Your spell library was empty.

Dungeon Overview and Level Annotations

Branches:
Dungeon (3/15)

Altars:


Innate Abilities, Weirdness & Mutations

You are partially covered in sharp spines.


Message History

The worm is severely wounded.
That item cannot be evoked!
Evoke which item? (* to show all) (? for menu, Esc to quit)
Aiming: Throw Flame
Press: ? - help, Shift-Dir - straight line, f - worm
Aim: a worm (heavily wounded)
The puff of flame hits the worm.
The worm is severely wounded.
There's nothing to close nearby.
There's nothing to close nearby.
Evoke which item? (* to show all) (? for menu, Esc to quit)
Aiming: Random Effects
Press: ? - help, Shift-Dir - straight line, f/p - worm
Aim: a worm (severely wounded)
The worm twists and deforms.
You see here a dagger.
You hit the worm but do no damage.
The worm is severely wounded.
The worm is struck by your spines. The worm bites you.
You die...

### ##+## #.#
##...## #.# #†..<.##
####.##
.†.....######.##..#
...............w#.#
................@.#
.........###....#>##
.......#.##....^...#
#.....##.##.###.#.##
##...###.##.# #.###
##+## #.##.###.# #.
#.....)..# ###.##
####.##### .....###
#.#


You could see a worm.

Vanquished Creatures
  2 adders
  A worm (D:2)
  2 dart slugs
  A leopard gecko (D:2)
  An orc (D:3)
  2 bats
  A giant cockroach (D:1)
  8 goblins
  3 hobgoblins (D:1)
  3 kobolds
  A ball python (D:3)
  2 frilled lizards (D:1)
  2 rats
29 creatures vanquished.

Notes
Turn   | Place    | Note
-------+----------+-------------------------------------------
     0 | D:1      | An17 the Demonspawn Artificer began the quest for the Orb.
     0 | D:1      | Reached XP level 1. HP: 15/15 MP: 3/3
   308 | D:1      | Reached skill level 1 in Short Blades
   309 | D:1      | Gained mutation: You are partially covered in sharp spines.
                  | [demonic ancestry]
   309 | D:1      | Reached XP level 2. HP: 13/21 MP: 4/4
   884 | D:2      | Reached XP level 3. HP: 21/26 MP: 5/5
  1583 | D:3      | HP: 1/26 [worm (9)]
  1596 | D:3      | Slain by a worm

Levels and vault maps discovered:
D:1:      kilobyte_arrival_exit_the_forest, layout_basic
D:2:      layout_basic, hex_large
D:3:      cheibrodos_thug_alley, layout_loops_corners

Skill      XL: |  1  2 |
---------------+-------+-----
Short Blades   | 1 |  1.7
Dodging        | 2 |  2.1
Fighting       | |  1.5
Armour         | |  0.4
Stealth        | |  0.9
Evocations     | |  3.8

Action                   || total
-------------------------++-------
Melee: Short sword       ||    83
       Dagger            ||    16
Evoke: Wand              ||     2
  Use: Scroll            ||     4
 Stab: Sleeping          ||     2
  Eat: Ration            ||     1
Armor: Leather armour    ||    22
Dodge: Dodged            ||    54

Table legend:
 A = Non-vault XP
 B = Vault XP
 C = Vault XP percentage of total XP
 D = Non-vault monster count
 E = Vault monster count
 F = Vault count percentage of total count
                 A         B        C        D         E       F
            +---------+---------+-------+---------+---------+-------
      Total |      83 |       0 |   0.0 |      29 |       0 |   0.0
            +---------+---------+-------+---------+---------+-------
        D:1 |      27 |       0 |   0.0 |      14 |       0 |   0.0
        D:2 |      36 |       0 |   0.0 |      10 |       0 |   0.0
        D:3 |      20 |       0 |   0.0 |       5 |       0 |   0.0
            +---------+---------+-------+---------+---------+-------
